 Dungeon Crawl Stone Soup version 0.21.0-3-g78d12a8 (webtiles) character file.

182 Chelsea the Chopper (level 5, -2/47 HPs)
             Began as a Hill Orc Fighter on Jan 8, 2018.
             Splashed by Robin's acid (11 damage)
             ... on level 3 of the Dungeon.
             The game lasted 00:02:27 (1520 turns).

Chelsea the Chopper (Hill Orc Fighter)              Turns: 1520, Time: 00:02:29

Health: -2/47      AC: 12    Str: 19    XL:     5   Next: 62%
Magic:  5/5        EV:  7    Int: 12    God:
Gold:   155        SH:  9    Dex: 11    Spells: 4/4 levels left

rFire    . . .     SeeInvis .   a - +0 war axe
rCold    . . .     Gourm    +   c - +0 shield
rNeg     . . .     Faith    .   b - +0 scale mail
rPois    .         Spirit   .   B - +0 helmet
rElec    .         Reflect  .   (no cloak)
rCorr    .         Harm     .   t - +0 pair of gloves
MR       .....                  u - +2 pair of boots
Stlth    ..........             p - amulet of the gourmand
HPRegen  0.15/turn              j - +4 ring of intelligence
MPRegen  0.09/turn              n - ring of wizardry

@: no status effects
A: no striking features
a: no special abilities


You were on level 3 of the Dungeon.
You were completely stuffed.

You visited 1 branch of the dungeon, and saw 3 of its levels.

You collected 155 gold pieces.

Inventory:

Hand Weapons
 a - a +0 war axe (weapon)
Armour
 b - a +0 scale mail (worn)
 c - a +0 shield (worn)
 t - a +0 pair of gloves (worn)
 u - a +2 pair of boots (worn)
 B - a +0 helmet (worn)
Jewellery
 j - a +4 ring of intelligence (left hand)
 n - a ring of wizardry (right hand)
 p - an amulet of the gourmand (around neck)
Scrolls
 h - 4 scrolls of identify {unknown}
 i - 2 scrolls of amnesia {unknown}
 l - a scroll of enchant weapon {unknown}
 q - a scroll of teleportation {unknown}
 s - a scroll of random uselessness {unknown}
 v - a scroll of blinking {unknown}
 y - a scroll of enchant armour {unknown}
 C - a scroll of remove curse {unknown}
Potions
 d - a potion of might
 e - 2 potions of degeneration {unknown}
 g - 2 potions of flight {unknown}
 k - a potion of mutation {unknown}
 m - a potion of curing {unknown}
 o - a potion of berserk rage {unknown}
 r - a potion of agility
 x - a potion of lignification {unknown}
 z - a potion of haste {unknown}
 A - a potion of invisibility {unknown}
Comestibles
 f - 5 rations
 w - 13 chunks of flesh


   Skills:
 + Level 4.6 Fighting
 * Level 5.1 Axes
 + Level 4.1 Armour
 + Level 4.2 Shields


You had 4 spell levels left.
You didn't know any spells.

Dungeon Overview and Level Annotations

Branches:
Dungeon (3/15)

Altars:

Annotations:
D:3 Robin


Message History

You block the frilled lizard's attack.
You hit the frilled lizard.
You kill the frilled lizard!
A hobgoblin comes into view.
You see here a frilled lizard corpse.
You butcher the frilled lizard corpse.
The hobgoblin shouts!
You see here a chunk of flesh.
Robin of the Strong Arm comes into view.
She is wielding a spear.
Robin shouts!
Found a scroll labeled DOUSA XICKUNLE.
You block the hobgoblin's attack. You block Robin's attack.
You hit the hobgoblin but do no damage. You block the hobgoblin's attack.
Robin zaps a wand.
The bolt of acid hits the hobgoblin.
The hobgoblin is splashed with acid.
The acid corrodes the hobgoblin!
The hobgoblin dies!
The bolt of acid hits you!
* * * LOW HITPOINT WARNING * * *
You are splashed with acid!
The acid burns!
You die...

#.###....).....#
#.##.....)).##.#
###.##.######.#..####
#......# #........
#.###..# ####.###. #.#
#..# #.# #. ####.###..#
#.# #.
#(........#########.###.
#...%..@................
#...#.#.#g...##########.
##.##.#.#....# ## #.
#.#.# ..# #. ....# .# #.
.(..# # #.?...#. #####
##...### ..... .....


You could see Robin.

Vanquished Creatures
  The ghost of reriks1 the Shield-Bearer, an amateur DDFi of Hepliaklqana (D:3)
  Jessica (D:3)
  2 worms (D:3)
  3 dart slugs
  A leopard gecko (D:1)
  An orc (D:3)
  A ball python (D:2)
  5 bats
  4 giant cockroaches
  14 goblins
  8 hobgoblins
  4 kobolds
  6 frilled lizards
  5 rats
56 creatures vanquished.

Vanquished Creatures (others)
  A hobgoblin (D:3)
1 creature vanquished.

Grand Total: 57 creatures vanquished

Notes
Turn   | Place    | Note
-------+----------+-------------------------------------------
     0 | D:1      | Chelsea the Hill Orc Fighter began the quest for the Orb.
     0 | D:1      | Reached XP level 1. HP: 19/19 MP: 1/1
   130 | D:1      | Reached skill level 3 in Axes
   171 | D:1      | Reached XP level 2. HP: 19/27 MP: 2/2
   797 | D:2      | Reached XP level 3. HP: 33/33 MP: 3/3
  1278 | D:3      | Reached skill level 4 in Axes
  1362 | D:3      | Reached XP level 4. HP: 40/40 MP: 4/4
  1381 | D:3      | Found a faded altar of an unknown god.
  1413 | D:3      | Noticed Jessica
  1417 | D:3      | Killed Jessica
  1488 | D:3      | Noticed reriks1's ghost (amateur DDFi)
  1512 | D:3      | Killed reriks1's ghost
  1512 | D:3      | Reached skill level 5 in Axes
  1512 | D:3      | Reached XP level 5. HP: 18/47 MP: 5/5
  1518 | D:3      | Noticed Robin
  1520 | D:3      | Splashed by Robin's acid

Skill      XL: |  1  2  3  4 |
---------------+-------------+-----
Axes           | 3 4 5 |  5.1
Fighting       | 4 |  4.6
Armour         | 4 |  4.1
Shields        | 4 |  4.2

Action                   |  1- 3 |  4- 6 || total
-------------------------+-------+-------++-------
Melee: War axe           |   104 |    39 ||   143
  Eat: Chunk             |    11 |     1 ||    12
Armor: Scale mail        |    39 |    17 ||    56
Dodge: Dodged            |    23 |     2 ||    25
Block: Shield            |    54 |    28 ||    82
